[Event "ICC tourney 1905 (10 3)"]
[Site "Internet Chess Club"]
[Date "2020.07.05"]
[Round "8"]
[White "TjkTiger"]
[Black "GeneraLisimus"]
[Result "1/2-1/2"]
[ICCResult "Game drawn because neither player has mating material"]
[WhiteElo "2197"]
[BlackElo "2850"]
[Opening "English: symmetrical variation"]
[ECO "A37"]
[NIC "EO.28"]
[Time "16:15:05"]
[TimeControl "600+3"]

1. c4 c5 2. g3 g6 3. Bg2 Bg7 4. Nc3 Nc6 5. Nf3 e6 6. d4 cxd4 7. Nb5 d5 8.
cxd5 exd5 9. O-O Nge7 10. Nfxd4 O-O 11. Be3 Nf5 12. Nxf5 Bxf5 13. Qxd5 Qxd5
14. Bxd5 Bxb2 15. Rad1 Rfd8 16. Bc5 Be5 17. Bxc6 bxc6 18. Nxa7 Rd5 19. Rxd5
cxd5 20. a4 Bc3 21. Nb5 Rxa4 22. Nxc3 Rc4 23. Nxd5 Rxc5 24. Ne3 Bh3 25. Rd1
Re5 26. Rd3 Ra5 27. f3 h5 28. Kf2 Ra4 29. Nd5 Ra1 30. Nf4 Rf1+ 31. Ke3 Bf5
32. Rd8+ Kg7 33. h4 Kf6 34. Rd6+ Kg7 35. Rd5 Kf6 36. Ra5 Rb1 37. Nd5+ Kg7
38. Kf4 Be6 39. Nc7 Bc4 40. e4 Rf1 41. Ra3 Rc1 42. Ke5 f6+ 43. Kd6 Bf7 44.
Ra7 Kf8 45. Nd5 Rd1 46. Ra3 Kg7 47. Rc3 Rd2 48. Kc5 Rd1 49. Nf4 Rg1 50. Ne2
Rg2 51. Re3 Rf2 52. Kd4 Rf1 53. Nc3 Be6 54. f4 Kf7 55. e5 fxe5+ 56. Kxe5 Ra1
57. Kd4 Bf5 58. Nb5 Kf6 59. Nd6 Rd1+ 60. Kc5 Rc1+ 61. Kb6 Rd1 62. Ne8+ Kf7
63. Nc7 Rd2 64. Nb5 Rd1 65. Kc5 Rc1+ 66. Nc3 Kf6 67. Kd4 Kf7 68. Ke5 Ra1 69.
Nd5 Ra6 70. Rc3 Re6+ 71. Kd4 Re4+ 72. Kc5 Re1 73. Ra3 Rc1+ 74. Kd6 Rd1 75.
Ra7+ Kf8 76. Ke5 Re1+ 77. Kf6 Re6+ 78. Kg5 Re1 79. Nf6 Rg1 80. Nxh5 gxh5 81.
Kxf5 Rxg3 82. Rh7 Ra3 83. Rxh5 Kg7 84. Rg5+ Kf7 85. h5 Rh3 86. Kg4 Rh1 87.
Ra5 Rg1+ 88. Kf5 Kg7 89. Re5 Kh6 90. Kf6 Ra1 91. f5 Kxh5 92. Kf7 Kh6 93. f6
Ra8 94. Re8 Ra7+ 95. Re7 Ra8 96. Rd7 Kh7 97. Rc7 Kh6 98. Rd7 Kh7 99. Rd6 Kh6
100. Ke7 Kg6 101. Rd7 Kh6 102. Rd8 Ra7+ 103. Rd7 Ra8 104. Rd1 Ra7+ 105. Ke6
Ra6+ 106. Rd6 Ra8 107. Ke7 Ra7+ 108. Rd7 Ra8 109. Rd8 Ra7+ 110. Ke6 Ra6+
111. Kf7 Ra7+ 112. Ke8 Kg6 113. f7 Rxf7 114. Rd6+ Rf6 115. Rxf6+ Kxf6
{Game drawn because neither player has mating material}
1/2-1/2

[Event "ICC tourney 1905 (10 3)"]
[Site "Internet Chess Club"]
[Date "2020.07.05"]
[Round "8"]
[White "dopolian"]
[Black "allez"]
[Result "0-1"]
[ICCResult "White resigns"]
[WhiteElo "2058"]
[BlackElo "2094"]
[Opening "Sicilian: Anderssen variation"]
[ECO "B41"]
[NIC "SI.41"]
[Time "16:15:33"]
[TimeControl "600+3"]

1. e4 c5 2. Nf3 e6 3. d4 cxd4 4. Nxd4 Nf6 5. Nc3 Nc6 6. Ndb5 Bc5 7. Bf4 O-O
8. Bc7 Qe7 9. Bd6 Bxd6 10. Qxd6 Qd8 11. Nc7 Ne8 12. Nxe8 Qxe8 13. Nb5 Qd8
14. Nc7 Rb8 15. O-O-O a6 16. a4 Qg5+ 17. f4 Qa5 18. b3 b5 19. axb5 axb5 20.
Kb2 Rb7 21. Nxb5 Rxb5 22. Bxb5 Qxb5 23. Rhe1 Na5 24. Rd4 Nb7 25. Qb4 Qh5 26.
h3 Nd8 27. Rd6 Qh4 28. e5 Nc6 29. Qe4 Ne7 30. Rd3 Bb7 31. Qe3 Nd5 32. g3
Qxh3 33. Qf3 Qf5 34. Rd4 Bc6 35. Ra1 f6 36. exf6 Qxf6 37. c3 Ne7 38. Qe2 Rc8
39. Qe5 Qxe5 40. fxe5 Nf5 41. Rd3 h5 42. c4 Rb8 43. Kc3 g5 44. b4 Kf8 45. b5
Be4 46. Rxd7 Nxg3 47. Raa7 h4 48. Rf7+ Kg8 49. Rg7+ Kh8 50. Rxg5 Nf5 51. Ra6
Re8 52. c5 Kh7 53. c6 Kh6 54. Rg4 Bd5 55. Kb4 h3 56. Ra3 Kh5 57. Rf4 Bg2 58.
c7 h2 59. Ra1 h1=Q 60. Rxh1+ Bxh1 61. b6 Bb7 62. Kc5 Kg6 63. Rf1 Kf7 64. Ra1
Bd5 65. Ra7 Rc8 66. Ra1 Ke7 67. Rg1 Kd7 68. Rg6 Ne7 69. Rg7 Ra8 70. Rh7 Ra5+
71. Kb4 Ra8 72. Kc5 Ra5+ 73. Kb4 Ra8 74. Kc5 Rc8 75. Rg7 Ke8 76. Rh7 Kd7 77.
Rg7 Ke8 78. Rh7 Nf5 79. Rh8+ Kd7 80. Rh7+ Ne7 81. Rg7 Ra8 82. Rh7 Ra1 83.
Rh8 Rc1+ 84. Kd4 Bb7 85. Rd8+ Kc6 86. Rd6+ Kb5 87. Rxe6 Nc8 88. Rh6 Nxb6 89.
e6 Rxc7 90. Ke5 Nc8 91. Rh2 Rc5+ 92. Kf6 Rc1 93. Re2 Rf1+ 94. Kg6 Ne7+ 95.
Kg5 Kc6 96. Rc2+ Kd6 97. Re2 Bc8 98. Rd2+ Kxe6 99. Re2+ Kf7 100. Rd2 Be6
101. Re2 Rf5+ 102. Kh4 Kf6 103. Rb2 Rg5 104. Rf2+ Nf5+ 105. Kh3 Rg3+ 106.
Kh2 Ra3 107. Rb2 Bd5 108. Kg1 Rd3 109. Kf2 Ke5 110. Re2+ Kf4 111. Rb2 Nd4
112. Rb8 Rd2+ 113. Ke1 Rh2 114. Rf8+ Ke3 115. Re8+ Be4 116. Rf8 Rh1+ 117.
Rf1 Nf3+ {White resigns} 0-1

[Event "ICC tourney 1905 (10 3)"]
[Site "Internet Chess Club"]
[Date "2020.07.05"]
[Round "9"]
[White "kptl132"]
[Black "JosephLevine"]
[Result "0-1"]
[ICCResult "White resigns"]
[WhiteElo "1497"]
[BlackElo "1642"]
[Opening "French: exchange variation"]
[ECO "C01"]
[NIC "FR.01"]
[Time "16:50:24"]
[TimeControl "600+3"]

1. e4 e6 2. d4 d5 3. exd5 exd5 4. Bd3 Nf6 5. Nc3 c6 6. Nge2 Bd6 7. Bg5 O-O
8. Qd2 Re8 9. O-O-O b5 10. h4 Nbd7 11. h5 h6 12. Be3 Nb6 13. f3 b4 14. Nb1
Nc4 15. Bxc4 dxc4 16. g4 Nd5 17. Bxh6 gxh6 18. Qxh6 Rxe2 19. g5 Bf4+ 20. Nd2
c3 21. Qxc6 Bf5 22. g6 cxd2+ 23. Kb1 Rc8 24. gxf7+ Kxf7 25. Qa6 Rxc2 26. Ka1
Rc1+ {White resigns} 0-1

[Event "ICC tourney 1905 (10 3)"]
[Site "Internet Chess Club"]
[Date "2020.07.05"]
[Round "9"]
[White "GutsyEdge"]
[Black "chessmate09520"]
[Result "1-0"]
[ICCResult "Black resigns"]
[WhiteElo "1171"]
[BlackElo "1317"]
[Opening "King's Indian: accelerated Averbakh system"]
[ECO "E70"]
[NIC "KI.31"]
[Time "16:51:11"]
[TimeControl "600+3"]

1. d4 Nf6 2. c4 g6 3. Nc3 Bg7 4. e4 d6 5. Bg5 O-O 6. Qd2 c5 7. d5 a6 8. h3
Nbd7 9. Nf3 Re8 10. Bd3 Nf8 11. O-O Rb8 12. a4 Bd7 13. Rfe1 e6 14. e5 dxe5
15. Nxe5 Qc7 16. Bf4 Qc8 17. Nxd7 N8xd7 18. Bxb8 Qxb8 19. dxe6 Rxe6 20. Rxe6
fxe6 21. Qe2 e5 22. Be4 Qc7 23. Rd1 Nf8 24. Nd5 Nxd5 25. cxd5 Qd6 26. Qg4 b5
27. axb5 axb5 28. Qc8 b4 29. Qc6 Qxc6 30. dxc6 Ne6 31. Bd5 Kf7 32. Bxe6+
Kxe6 33. c7 {Black resigns} 1-0

[Event "ICC tourney 1905 (10 3)"]
[Site "Internet Chess Club"]
[Date "2020.07.05"]
[Round "9"]
[White "allez"]
[Black "Sina101"]
[Result "1-0"]
[ICCResult "Black checkmated"]
[WhiteElo "2095"]
[BlackElo "1549"]
[Opening "QGD semi-Slav: Stoltz variation"]
[ECO "D45"]
[NIC "SL.08"]
[Time "16:50:50"]
[TimeControl "600+3"]

1. d4 d5 2. c4 e6 3. Nc3 c6 4. e3 Nf6 5. Nf3 Nbd7 6. Qc2 Bd6 7. Bd3 O-O 8.
O-O dxc4 9. Bxc4 e5 10. h3 Qe7 11. Bb3 h6 12. Nh4 Nb6 13. Ng6 Qe8 14. Nxf8
Kxf8 15. Bd2 e4 16. f3 exf3 17. Rxf3 Be6 18. e4 Bxb3 19. Qxb3 Bc7 20. Bxh6
Qe7 21. Be3 Kg8 22. Raf1 Rf8 23. Bg5 Qd6 24. Bxf6 gxf6 25. Ne2 Kg7 26. Rg3+
Kh7 27. Rf5 Qxg3 28. Nxg3 Rg8 29. Qxf7+ Rg7 30. Rh5# {Black checkmated} 1-0

[Event "ICC tourney 1905 (10 3)"]
[Site "Internet Chess Club"]
[Date "2020.07.05"]
[Round "9"]
[White "taupuri"]
[Black "Kiwimonster31"]
[Result "1-0"]
[ICCResult "Black checkmated"]
[WhiteElo "1374"]
[BlackElo "1456"]
[Opening "King's Indian: London system"]
[ECO "A48"]
[NIC "QP.03"]
[Time "16:50:19"]
[TimeControl "600+3"]

1. d4 Nf6 2. Nf3 g6 3. Bf4 Bg7 4. e3 O-O 5. Bd3 d5 6. Nbd2 c5 7. c3 Nc6 8.
O-O Nd7 9. Qe2 e5 10. dxe5 Ndxe5 11. Nxe5 Nxe5 12. Bxe5 Bxe5 13. Nf3 Bg7 14.
Rfd1 Qc7 15. h3 h6 16. Qc2 Be6 17. e4 Rad8 18. exd5 Bxd5 19. Be4 Be6 20. Re1
Rfe8 21. Rad1 Rxd1 22. Rxd1 f5 23. Bd5 Bxd5 24. Rxd5 Kh7 25. Qd2 Re7 26. a3
Qb6 27. h4 Re4 28. h5 g5 29. Rxf5 g4 30. Qc2 Qe6 31. Rf4 gxf3 32. Qxe4+ Qxe4
33. Rxe4 fxg2 34. Kxg2 Kg8 35. Re7 b5 36. Rxa7 b4 37. axb4 cxb4 38. Rxg7+
Kxg7 39. cxb4 Kf7 40. f4 Kg7 41. b5 Kh7 42. b6 Kh8 43. b7 Kh7 44. b8=Q Kg7
45. Qc7+ Kh8 46. Kg3 Kg8 47. Kg4 Kh8 48. Kf5 Kg8 49. Kg6 Kh8 50. Qd8#
{Black checkmated}
1-0

[Event "ICC tourney 1905 (10 3)"]
[Site "Internet Chess Club"]
[Date "2020.07.05"]
[Round "9"]
[White "helavir"]
[Black "manest"]
[Result "1/2-1/2"]
[ICCResult "Game drawn by mutual agreement"]
[WhiteElo "2221"]
[BlackElo "2772"]
[Opening "French: Rubinstein variation"]
[ECO "C03"]
[NIC "FR.07"]
[Time "16:50:28"]
[TimeControl "600+3"]

1. e4 e6 2. d4 d5 3. Nd2 dxe4 4. Nxe4 Nd7 5. Nf3 Ngf6 6. Bd3 Nxe4 7. Bxe4
Nf6 8. Bg5 Qd6 9. Bd3 Bd7 10. O-O Bc6 11. Ne5 Qxd4 12. Bxf6 gxf6 13. Nxc6
bxc6 14. Qf3 Bd6 15. Be4 Ke7 16. Bxc6 Rag8 17. c3 Qe5 18. g3 h5 19. Rfe1 Qg5
20. Qe3 Qxe3 21. Rxe3 h4 22. Rd1 hxg3 23. hxg3 f5 24. Kf1 Rh2 25. b4 Kf6
{Game drawn by mutual agreement}
1/2-1/2

[Event "ICC tourney 1905 (10 3)"]
[Site "Internet Chess Club"]
[Date "2020.07.05"]
[Round "9"]
[White "davika21"]
[Black "dopolian"]
[Result "0-1"]
[ICCResult "White resigns"]
[WhiteElo "1583"]
[BlackElo "2060"]
[Opening "Pirc: classical (two knights) system"]
[ECO "B08"]
[NIC "PU.01"]
[Time "16:50:20"]
[TimeControl "600+3"]

1. e4 d6 2. d4 Nf6 3. Nc3 g6 4. Nf3 Bg4 5. Be2 Bg7 6. O-O O-O 7. Be3 Nbd7 8.
h3 Bxf3 9. Bxf3 e5 10. dxe5 Nxe5 11. Be2 Re8 12. f4 Nc6 13. Bf3 Qe7 14. Bf2
Rad8 15. Re1 a6 16. Nd5 Qd7 17. c3 Nxd5 18. exd5 Rxe1+ 19. Qxe1 Re8 20. Qd2
Ne7 21. Re1 Nc8 22. Rxe8+ Qxe8 23. Qe2 Qa4 24. c4 h5 25. b3 Qd7 26. Qe4 Ne7
27. Bd4 Nf5 28. Bxg7 Nxg7 29. Kf2 h4 30. Qe2 Qd8 31. a3 Qf6 32. Qd2 Qa1 33.
a4 b6 34. Bg4 a5 35. Kf3 f5 36. Qc2 Qf1+ 37. Ke3 fxg4 38. hxg4 Qe1+ 39. Kd3
Qg3+ 40. Ke4 Qxg4 {White resigns} 0-1

[Event "ICC tourney 1905 (10 3)"]
[Site "Internet Chess Club"]
[Date "2020.07.05"]
[Round "9"]
[White "Aniketshukla"]
[Black "IAlwaysWin"]
[Result "1-0"]
[ICCResult "Black forfeits on time"]
[WhiteElo "1464"]
[BlackElo "1462"]
[Opening "Caro-Kann: exchange variation"]
[ECO "B13"]
[NIC "CK.02"]
[Time "16:50:36"]
[TimeControl "600+3"]

1. e4 c6 2. d4 d5 3. exd5 cxd5 4. Bd3 Nc6 5. c3 g6 6. Bf4 Bf5 7. Bxf5 gxf5
8. g4 fxg4 9. Qxg4 Nf6 10. Qe2 e6 11. Nd2 Bd6 12. Nh3 Qc7 13. Qf3 Bxf4 14.
Nxf4 Nd7 15. Nb3 O-O-O 16. O-O-O Nb6 17. Nc5 Nc4 18. b3 Na3 19. Kb2 Qa5 20.
Rhe1 Nb5 21. Ne2 Qa3+ 22. Kb1 Nd6 23. Qd3 b6 24. Na6 Ne4 25. Rf1 Kb7 26. f3
Nd6 27. Nb4 Nxb4 28. cxb4 Qxb4 29. Rc1 Rc8 30. Nf4 Nb5 31. Ne2 Rhg8 32. Rxc8
Rxc8 33. Qxh7 Na3+ 34. Ka1 Nc2+ 35. Kb1 Nxd4 36. Qxf7+ Rc7 37. Qf4 e5 38.
Qxe5 Nb5 39. Qxd5+ Ka6 40. Qd3 Kb7 41. Qe4+ Qxe4+ 42. fxe4 Re7 43. Rf4 Kc6
44. h4 Nd6 45. Ng3 Nf7 46. h5 Kc5 47. Nf5 Rd7 48. h6 Kb4 49. h7 Nh8 50. e5+
Kc5 51. Rc4+ Kb5 52. e6 Rxh7 53. e7 {Black forfeits on time} 1-0

[Event "ICC tourney 1905 (10 3)"]
[Site "Internet Chess Club"]
[Date "2020.07.05"]
[Round "9"]
[White "harkerchess"]
[Black "bpovo1394"]
[Result "1-0"]
[ICCResult "Black resigns"]
[WhiteElo "1325"]
[BlackElo "1148"]
[Opening "Caro-Kann: Panov-Botvinnik attack"]
[ECO "B13"]
[NIC "CK.03"]
[Time "16:50:17"]
[TimeControl "600+3"]

1. c4 c6 2. e4 d5 3. exd5 cxd5 4. Nc3 Nf6 5. d4 Nc6 6. Nf3 Bg4 7. cxd5 Nxd5
8. Bc4 Nb6 9. Bxf7+ Kxf7 10. Ng5+ Ke8 11. Qxg4 Qxd4 12. Qe6 Qf6 13. Qe4 Qd4
14. Qf3 Ne5 15. Qe2 Nd3+ 16. Kf1 Nc4 17. Ne6 Qd7 18. Nd5 Rc8 19. Qxd3 Qxe6
20. Bf4 Nxb2 21. Qb3 Nc4 22. Qxb7 Qc6 23. Nc7+ Kf7 24. Qxc6 {Black resigns}
1-0

[Event "ICC tourney 1905 (10 3)"]
[Site "Internet Chess Club"]
[Date "2020.07.05"]
[Round "9"]
[White "dabbindino"]
[Black "destroyingeagle"]
[Result "1-0"]
[ICCResult "Black forfeits on time"]
[WhiteElo "1746"]
[BlackElo "1443"]
[Opening "Robatsch (modern) defense"]
[ECO "B07"]
[NIC "VO.17"]
[Time "16:50:20"]
[TimeControl "600+3"]

1. e4 d6 2. d4 g6 3. Nc3 Bg7 4. Be3 c6 5. Qd2 Nd7 6. f3 b5 7. Nge2 Nb6 8. b3
a5 9. g4 b4 10. Nd1 c5 11. Ng3 Qc7 12. Rc1 c4 13. c3 cxb3 14. axb3 bxc3 15.
Nxc3 Qd8 16. Nb5 Kf8 17. d5 Nd7 18. Be2 Ngf6 19. h4 h5 20. gxh5 Nxh5 21.
Nxh5 Rxh5 22. f4 Rh8 23. h5 gxh5 24. Rxh5 Rxh5 25. Bxh5 Nf6 26. Bf3 Bg4 27.
Bg2 Rc8 28. Rb1 Bd7 29. Na7 Rb8 30. Bf3 Qc7 31. Rc1 Qb7 32. e5 Ne8 33. e6
Bb5 34. exf7 Kxf7 35. Qxa5 Bd3 36. Nc6 Ra8 37. Nd8+ Rxd8 38. Qxd8 Qb4+ 39.
Bd2 Qxf4 40. Bxf4 {Black forfeits on time} 1-0

[Event "ICC tourney 1905 (10 3)"]
[Site "Internet Chess Club"]
[Date "2020.07.05"]
[Round "9"]
[White "danbron"]
[Black "Ktsuei1102"]
[Result "0-1"]
[ICCResult "White resigns"]
[WhiteElo "1828"]
[BlackElo "1433"]
[Opening "Sicilian defense"]
[ECO "B32"]
[NIC "SI.32"]
[Time "16:50:34"]
[TimeControl "600+3"]

1. e4 c5 2. Nf3 Nc6 3. d4 cxd4 4. Nxd4 Qb6 5. Nb3 e6 6. Be3 Qc7 7. Be2 Nf6
8. Nc3 Bb4 9. f3 d5 10. exd5 Nxd5 11. Bd2 Bxc3 12. Bxc3 O-O 13. Bd4 Nxd4 14.
Nxd4 Ne3 15. Qd2 Nxg2+ 16. Kf2 Nf4 17. Qe3 e5 18. Nb5 Qxc2 19. Rhe1 Bd7 20.
Nc3 Qg6 21. Bf1 Rae8 22. Ne4 Bh3 23. Ng3 Bxf1 24. Rxf1 Qh6 25. Rh1 Qh3 26.
Rag1 Rc8 27. Qe4 Rfd8 28. Qxe5 Nd3+ {White resigns} 0-1

[Event "ICC tourney 1905 (10 3)"]
[Site "Internet Chess Club"]
[Date "2020.07.05"]
[Round "9"]
[White "RagingKnightNC"]
[Black "jy2020"]
[Result "0-1"]
[ICCResult "White resigns"]
[WhiteElo "1538"]
[BlackElo "1681"]
[Opening "QGD: Ragozin variation"]
[ECO "D38"]
[NIC "NI.27"]
[Time "16:51:11"]
[TimeControl "600+3"]

1. c4 Nf6 2. Nc3 e6 3. Nf3 d5 4. d4 Bb4 5. Bd2 O-O 6. e3 b6 7. cxd5 exd5 8.
Bd3 Bb7 9. O-O a6 10. a3 Bd6 11. b4 Nbd7 12. Qb3 Re8 13. Rfc1 Qe7 14. Ne2
Ne4 15. Ng3 g6 16. Rc2 h5 17. Be2 Kh7 18. Nxe4 dxe4 19. Ne1 f5 20. g3 Nf6
21. b5 a5 22. Bc1 g5 23. a4 f4 24. Ba3 f3 25. Bxd6 cxd6 26. Bf1 Bd5 27. Bc4
Qe6 28. Rac1 h4 29. Bxd5 Nxd5 30. Rc6 hxg3 31. fxg3 f2+ 32. Kxf2 Rf8+ 33.
Kg1 Qf5 34. Nc2 Ra7 35. Na3 Qf2+ 36. Kh1 Nxe3 37. R6c2 Qf1+ {White resigns}
0-1

[Event "ICC tourney 1905 (10 3)"]
[Site "Internet Chess Club"]
[Date "2020.07.05"]
[Round "9"]
[White "justinchess"]
[Black "Openyagami"]
[Result "1-0"]
[ICCResult "Black resigns"]
[WhiteElo "2196"]
[BlackElo "2794"]
[Opening "Gr?nfeld: exchange variation"]
[ECO "D85"]
[NIC "GI.03"]
[Time "16:50:26"]
[TimeControl "600+3"]

1. d4 Nf6 2. c4 g6 3. Nc3 d5 4. cxd5 Nxd5 5. Bd2 Bg7 6. e4 Nb6 7. Be3 O-O 8.
Bb5 Be6 9. Nf3 Bc4 10. b3 Bxb5 11. Nxb5 a6 12. Nc3 c5 13. Rc1 cxd4 14. Nxd4
N8d7 15. O-O Ne5 16. Qe2 e6 17. Rfd1 Qe7 18. Ndb5 Nbd7 19. Nd6 Rab8 20. Ba7
Ra8 21. Be3 Rfb8 22. Na4 Nc6 23. Nxb7 Nb4 24. Nbc5 Nf6 25. a3 Nc6 26. Nxa6
Rxb3 27. Rxc6 Qxa3 28. N4c5 Rb2 29. Qf3 Ra2 30. Bd4 Qxf3 31. gxf3 Ne8 32.
Nc7 Nxc7 33. Rxc7 Bh6 34. Nd7 Bg5 35. Nf6+ Kg7 36. Ng4+ Kg8 37. h4 Bf4 38.
Nf6+ Kf8 39. Nxh7+ Kg8 40. Nf6+ Kf8 41. Rb7 Rc2 42. Ng4 Kg8 43. Bf6 Rc7 44.
Rxc7 Bxc7 45. Rd7 Bb6 46. Rb7 Bc5 47. Nh6+ Kf8 48. Rxf7+ Ke8 49. Rc7 Bb6 50.
Rc6 Rb8 51. Rxe6+ Kd7 52. Re7+ Kd6 53. Be5+ {Black resigns} 1-0

[Event "ICC tourney 1905 (10 3)"]
[Site "Internet Chess Club"]
[Date "2020.07.05"]
[Round "9"]
[White "DanLapan"]
[Black "ganzy"]
[Result "1-0"]
[ICCResult "Black resigns"]
[WhiteElo "1610"]
[BlackElo "1436"]
[Opening "Sicilian: Smith-Morra gambit"]
[ECO "B21"]
[NIC "SI.48"]
[Time "16:50:19"]
[TimeControl "600+3"]

1. e4 c5 2. d4 cxd4 3. Qxd4 Nc6 4. Qd3 Nf6 5. c4 e6 6. Nc3 Bb4 7. Bd2 O-O 8.
a3 Bxc3 9. Bxc3 d5 10. e5 Ne4 11. Nf3 Qb6 12. Bd4 Qa5+ 13. b4 Qc7 14. Be2
Ne7 15. Rc1 Nf5 16. O-O Qe7 17. Rfd1 b6 18. Bb2 Ba6 19. Nd4 Nxd4 20. Qxd4 f6
21. f3 fxe5 22. Qxe5 Nf6 23. cxd5 Bxe2 24. Qxe2 Rfe8 25. Qxe6+ Qxe6 26. dxe6
Rxe6 27. Kf2 Rae8 28. Re1 Nd5 29. Rxe6 Rxe6 30. Rd1 Nf4 31. Rd8+ Kf7 32. Rd2
g6 33. g3 Nh3+ 34. Kg2 Ng5 35. h4 {Black resigns} 1-0

[Event "ICC tourney 1905 (10 3)"]
[Site "Internet Chess Club"]
[Date "2020.07.05"]
[Round "9"]
[White "GeneraLisimus"]
[Black "NyzhnykIllia"]
[Result "0-1"]
[ICCResult "White checkmated"]
[WhiteElo "2818"]
[BlackElo "1945"]
[Opening "Sicilian"]
[ECO "B50"]
[NIC "SI.01"]
[Time "16:50:16"]
[TimeControl "600+3"]

1. e4 c5 2. Nf3 d6 3. Nc3 Nf6 4. e5 dxe5 5. Nxe5 Nbd7 6. d4 a6 7. Bc4 e6 8.
Qe2 Nb6 9. dxc5 Bxc5 10. Bg5 Nxc4 11. Nxc4 Be7 12. a4 Qc7 13. a5 Bd7 14.
Bxf6 gxf6 15. Nb6 Rd8 16. O-O-O Bc6 17. Rxd8+ Bxd8 18. Qg4 Kf8 19. Rd1 h5
20. Qc4 Be7 21. g3 Kg7 22. Rd7 Qe5 23. Rxe7 Qe1+ 24. Nd1 Rd8 25. Rd7 Rxd7
26. Nxd7 Bxd7 27. Qc3 Qg1 28. h4 Bb5 29. Qe3 Qf1 30. Kd2 Qc4 31. Nc3 Qb4 32.
Qf3 Qd4+ 33. Kc1 Bc6 34. Qe2 f5 35. Qd2 Qg4 36. Ne2 e5 37. Qe3 f6 38. Kd2
Qb4+ 39. Qc3 Qb5 40. Qa3 Kg6 41. Qf8 Qxa5+ 42. b4 Qd5+ 43. Kc1 Qc4 44. Nc3
f4 45. Kb2 fxg3 46. fxg3 b6 47. Nd1 a5 48. bxa5 bxa5 49. Kc1 a4 50. Ne3 Qe6
51. Qb4 Qd7 52. Qf8 Qf7 53. Qc5 Bf3 54. Qd6 Qa7 55. Qd3+ e4 56. Qa3 Qd4 57.
Kb1 Be2 58. Kc1 Bd3 59. Nd1 e3 60. Qe7 Qa1# {White checkmated} 0-1

[Event "ICC tourney 1905 (10 3)"]
[Site "Internet Chess Club"]
[Date "2020.07.05"]
[Round "9"]
[White "playtowin2020"]
[Black "KnightHopper"]
[Result "1-0"]
[ICCResult "Black resigns"]
[WhiteElo "1601"]
[BlackElo "1774"]
[Opening "Sicilian: dragon, Yugoslav attack, Rauser variation"]
[ECO "B76"]
[NIC "SI.17"]
[Time "16:50:29"]
[TimeControl "600+3"]

1. e4 c5 2. Nf3 d6 3. d4 cxd4 4. Nxd4 Nf6 5. Nc3 g6 6. Be3 Bg7 7. f3 O-O 8.
Qd2 Nc6 9. O-O-O d5 10. Nxc6 bxc6 11. exd5 cxd5 12. Nxd5 Nxd5 13. Qxd5 Qc7
14. Qxa8 Bf5 15. Qxf8+ Kxf8 16. Rd2 h5 17. Bc4 Bf6 18. Bb3 Kg7 19. Rhd1 a5
20. g3 Qb7 21. Bd4 e5 22. Bc3 Qxf3 23. Kb1 Bg4 24. Bxa5 e4 25. Re1 Bg5 26.
Rde2 f5 27. Bc3+ Kh7 28. a4 h4 29. Be5 Qxe2 30. Rxe2 Bxe2 31. gxh4 Bxh4 32.
Bf4 g5 33. Bc1 f4 34. Bd5 e3 35. Be4+ Kg7 36. b4 Bf2 37. b5 f3 38. b6 Ba6
39. Bxf3 Bg1 40. h3 e2 41. b7 Bh2 42. Bd2 Bf4 43. Bc3+ Kg6 44. Ka2 Bg3 45.
Kb3 Kf5 46. Kb4 Bb8 47. Ka5 Bc4 48. Kb6 Kf4 49. Bg4 Ke3 50. Be1 Kd4 51. a5
Kd5 52. a6 Bxa6 53. Kxa6 Kc4 54. Bxe2+ Kd5 55. Bd2 Ke5 56. Bxg5 Ke4 57. Bd3+
Kf3 58. Kb6 Kg3 59. Bd8 Kxh3 60. Bc7 Bxc7+ 61. Kxc7 {Black resigns} 1-0

[Event "ICC tourney 1905 (10 3)"]
[Site "Internet Chess Club"]
[Date "2020.07.05"]
[Round "9"]
[White "PushU2Blunders"]
[Black "Pschaak"]
[Result "1-0"]
[ICCResult "Black resigns"]
[WhiteElo "2166"]
[BlackElo "2073"]
[Opening "Caro-Kann: Panov-Botvinnik attack"]
[ECO "B13"]
[NIC "CK.03"]
[Time "16:50:39"]
[TimeControl "600+3"]

1. e4 c6 2. d4 d5 3. exd5 cxd5 4. c4 Nf6 5. Nc3 Nc6 6. cxd5 Nxd5 7. Nf3 Bg4
8. Qb3 Bxf3 9. gxf3 e6 10. Qxb7 Nxd4 11. Bb5+ Nxb5 12. Qc6+ Ke7 13. Qxb5 Qd7
14. a4 a6 15. Nxd5+ Qxd5 16. Qxd5 exd5 17. Bd2 Ke6 18. O-O Bd6 19. Rfe1+ Kd7
20. Red1 Be5 21. Ba5 Ke6 22. Rd2 Ra7 23. Re1 Kf6 24. Rxd5 Bxb2 25. Re4 h6
26. Rb4 Be5 27. Rb6+ Kf5 28. f4 Kxf4 29. Rb4+ Kf5 30. f4 Re8 31. Kf2 g5 32.
Rxe5+ Rxe5 33. fxe5 Kxe5 34. Rb6 h5 35. Bc3+ Kf5 36. Rf6+ Kg4 37. Kg2 h4 38.
Bd2 Rd7 39. h3+ Kh5 40. Be3 Rd3 41. Kf3 Ra3 42. Rf5 f6 43. Rxf6 Rxa4 44. Rf5
Kh6 45. Rxg5 Kh7 46. Rg4 Ra2 47. Rxh4+ Kg6 48. Rb4 a5 49. Rb6+ Kg7 50. Ra6
a4 51. h4 Rh2 52. Rxa4 Kg6 53. Kg3 Re2 54. Ra6+ Kg7 55. Bf4 Rc2 56. Kg4 Rg2+
57. Kf5 Rc2 58. Ra7+ Kg8 59. h5 Rc5+ 60. Be5 Rc1 61. Bf6 Rf1+ 62. Kg6 Rg1+
63. Bg5 Rf1 64. Ra8+ Rf8 65. Rxf8+ Kxf8 66. h6 Kg8 67. h7+ {Black resigns}
1-0

[Event "ICC tourney 1905 (10 3)"]
[Site "Internet Chess Club"]
[Date "2020.07.05"]
[Round "9"]
[White "GGuseinov"]
[Black "TjkTiger"]
[Result "1/2-1/2"]
[ICCResult "Game drawn because neither player has mating material"]
[WhiteElo "2995"]
[BlackElo "2213"]
[Opening "Sicilian: closed, 2...Nc6"]
[ECO "B23"]
[NIC "SI.44"]
[Time "16:50:21"]
[TimeControl "600+3"]

1. e4 c5 2. Nc3 Nc6 3. Bb5 Nd4 4. Nf3 a6 5. Bd3 g6 6. O-O Bg7 7. Re1 e6 8.
e5 Qc7 9. b3 Nxf3+ 10. Qxf3 Bxe5 11. Rxe5 Qxe5 12. Bb2 f6 13. Kf1 Ne7 14.
Re1 Qxh2 15. Ne4 Rf8 16. g3 Kd8 17. Ke2 Qh5 18. g4 Qd5 19. Bxf6 h5 20. gxh5
Qxh5 21. Qxh5 gxh5 22. Rg1 d5 23. Rg7 Rxf6 24. Nxf6 e5 25. f3 h4 26. Rh7 h3
27. c4 dxc4 28. bxc4 Rb8 29. Ng4 b5 30. Rxh3 bxc4 31. Bxc4 e4 32. Rh8+ Kc7
33. Rh7 Kd6 34. Rh6+ Kc7 35. Ne5 exf3+ 36. Kxf3 Bb7+ 37. Ke2 Rf8 38. Rh7 Kd6
39. Nf7+ Kc7 40. Ng5 Kd6 41. Rh6+ Kd7 42. Bxa6 Bxa6+ 43. Rxa6 Nc6 44. Ne4
Re8 45. Ke3 Kc7 46. d3 Kb7 47. Ra3 Nb4 48. Rb3 Kc6 49. a3 Nc2+ 50. Kd2 Nd4
51. Rc3 Ne6 52. Nxc5 Nxc5 53. d4 Kd5 54. dxc5 Rc8 55. Rd3+ Kc4 56. Rc3+ Kd5
57. c6 Rxc6 58. Rxc6 Kxc6 59. Kc3 Kb5 60. Kb3 Ka5 61. a4 Ka6 62. Ka3 Kb6 63.
Kb4 Ka6 64. a5 Kb7 65. Kb5 Ka7 66. a6 Ka8 67. Ka5 Kb8 68. Kb6 Ka8 69. Kc7
Ka7 70. Kc6 Kxa6 {Game drawn because neither player has mating material}
1/2-1/2

[Event "ICC tourney 1905 (10 3)"]
[Site "Internet Chess Club"]
[Date "2020.07.05"]
[Round "9"]
[White "Candychessguru"]
[Black "andrewjiang2"]
[Result "1-0"]
[ICCResult "Black resigns"]
[WhiteElo "1616"]
[BlackElo "1166"]
[Opening "QGD: Vienna variation"]
[ECO "D38"]
[NIC "QP.08"]
[Time "16:50:26"]
[TimeControl "600+3"]

1. d4 d5 2. Nf3 Nf6 3. c4 e6 4. Bg5 Bb4+ 5. Nc3 c5 6. Bxf6 Qxf6 7. e3 Nc6 8.
a3 Ba5 9. Be2 dxc4 10. Bxc4 O-O 11. O-O cxd4 12. exd4 Rd8 13. Qe2 Nxd4 14.
Nxd4 Rxd4 15. b4 Bb6 16. Nb5 Rd8 17. Rad1 Bd7 18. Nd6 Bc6 19. Rd3 Bd5 20.
Bxd5 exd5 21. Nxb7 Rdb8 22. Nc5 Bxc5 23. bxc5 Rd8 24. Rfd1 Qc6 25. Qf3 Qxc5
26. Rxd5 Rxd5 27. Rxd5 Rb8 28. g3 Qc1+ 29. Kg2 h6 30. Rd7 Qc4 31. Rxa7 Rb3
32. Qf5 g6 33. Ra8+ Kh7 34. Rc8 Qe6 35. Qxe6 fxe6 36. a4 Ra3 37. Ra8 Kg7 38.
a5 Kf6 39. h4 g5 40. hxg5+ hxg5 41. g4 Ra4 42. Kg3 Ra3+ 43. f3 Ke5 44. a6
Ra5 45. a7 Ra6 46. Kf2 Ra2+ 47. Ke3 Ra3+ 48. Kd2 Ra4 49. Kc3 Ra3+ 50. Kb4
Ra6 51. Kb5 Ra2 52. Kc6 Rc2+ 53. Kd7 Rd2+ 54. Ke7 Ra2 55. Kd7 Rd2+ 56. Kc6
Rc2+ 57. Kb5 Ra2 58. Kc4 Ra6 59. Kb4 Ra1 60. Kb3 Ra6 61. Kc3 Ra3+ 62. Kd2
Ra2+ 63. Ke3 Ra3+ 64. Kf2 Ra2+ 65. Kg3 Ra3 66. Rg8 Rxa7 67. Rxg5+ Kf6 68.
Rb5 Ra3 69. Rb4 Rc3 70. Kf4 Rc5 71. Re4 Rd5 72. g5+ Kf7 73. Kg4 Rf5 74. f4
Rc5 75. Kh5 Rc7 76. Kh6 Rc8 77. Kh7 Rc7 78. Re5 Rd7 79. f5 exf5 80. Rxf5+
Ke6+ 81. Kg6 Rd8 82. Rf6+ Ke7 83. Rf7+ Ke6 84. Rf1 Rg8+ 85. Kh6 Ke7 86. g6
Ke6 87. Kh7 Rb8 88. g7 Rb7 89. Kh8 {Black resigns} 1-0